NYP
TRI-CITY DUST DEVILS @ LOS ANGELES (NYP) DODGERS
08/31/2044
 
TOP OF THE 1ST
Tri-City Dust Devils batting - Pitching for Los Angeles (NYP) Dodgers : LHP Justin Pirie
Pitching: LHP Justin Pirie
Batting: RHB Jeremy Mercer 0-0: Swinging Strike
0-1: Foul Ball, location: 2F
0-2: Ball
1-2: Foul Ball, location: 2F
1-2: SINGLE (Groundball, 4MD, EV 105.0 MPH)
Batting: RHB Hector Fernandez 0-0: Ball
Jeremy Mercer steals 2nd base
1-0: Called Strike
1-1: Called Strike
1-2: Foul Ball, location: 2F
1-2: Ball
2-2: Strikes out swinging
Batting: LHB Frank McConnell 0-0: Foul Ball, location: 2F
0-1: Called Strike
0-2: Ground out U3 (Groundball, 3L, EV 87.5 MPH)
Jeremy Mercer to third
Batting: RHB Freddie Brown 0-0: Ball
1-0: Ball
2-0: Ball
3-0: Base on Balls
Batting: RHB Jaden Scott 0-0: Called Strike
0-1: Ball
1-1: Swinging Strike
1-2: Ball
Freddie Brown steals 2nd, throwing error, E2
Jeremy Mercer scores
Freddie Brown to third
2-2: SINGLE (Groundball, 6MD, EV 98.8 MPH)
Freddie Brown scores
Batting: RHB Bryan Pitcher 0-0: Called Strike
Jaden Scott steals 2nd base
0-1: Fly out, F6 (Popup, 6, EV 57.5 MPH)
Top of the 1st over - 2 runs, 2 hits, 1 error, 1 left on base; Tri-City 2 - Los Angeles (NYP) 0
BOTTOM OF THE 1ST
Los Angeles (NYP) Dodgers batting - Pitching for Tri-City Dust Devils : LHP Bei Xú
Pitching: LHP Bei Xú
Batting: RHB Leo Cuellar 0-0: Ball
1-0: Swinging Strike
1-1: Called Strike
1-2: Ball
2-2: Foul Ball, location: 2F
2-2: Foul Ball, location: 2F
2-2: Ground out 6-3 (Groundball, 6, EV 86.3 MPH)
Batting: SHB John Gernaat 0-0: Ball
1-0: Called Strike
1-1: Swinging Strike
1-2: Ball
2-2: Strikes out swinging
Batting: SHB Chris Ackerson 0-0: Swinging Strike
0-1: Ball
1-1: Foul Ball, location: 2F
1-2: Ball
2-2: Ground out 4-3 (Groundball, 4, EV 93.1 MPH)
Bottom of the 1st over - 0 runs, 0 hits, 0 errors, 0 left on base; Tri-City 2 - Los Angeles (NYP) 0
TOP OF THE 2ND
Tri-City Dust Devils batting - Pitching for Los Angeles (NYP) Dodgers : LHP Justin Pirie
Batting: RHB Derrick Abrams 0-0: Called Strike
0-1: Foul Ball, location: 2F
0-2: Ball
1-2: Strikes out swinging
Batting: LHB Paul Adams 0-0: Foul Ball, location: 2F
0-1: Swinging Strike
0-2: SINGLE (Groundball, 4MD, EV 102.5 MPH)
Batting: RHB Bernardino Truyeres 0-0: Ball
Passed Ball!
Paul Adams to second
1-0: Ball
2-0: Ball
Passed Ball!
Paul Adams to third
3-0: Base on Balls
Batting: RHB Jeremy Mercer 0-0: Ball
Wild Pitch!
Paul Adams scores
Bernardino Truyeres to second
1-0: Foul Ball, location: 2F
1-1: Ball
2-1: Foul Ball, location: 2F
2-2: Ball
Passed Ball!
Bernardino Truyeres to third
3-2: Base on Balls
Batting: RHB Hector Fernandez 0-0: Called Strike
0-1: Ball
1-1: Ball
Passed Ball!
Bernardino Truyeres scores
Jeremy Mercer to second
2-1: Ball
3-1: Base on Balls
Batting: LHB Frank McConnell 0-0: Ball
1-0: Called Strike
1-1: Foul Ball, location: 2F
1-2: Ball
2-2: Ball
3-2: Foul Ball, location: 2F
3-2: SINGLE (Groundball, 4S, EV 67.5 MPH) (infield hit)
Jeremy Mercer to third
Hector Fernandez to second
Batting: RHB Freddie Brown 0-0: Ball
1-0: Ball
Passed Ball!
Jeremy Mercer scores
Hector Fernandez to third
Frank McConnell to second
2-0: Ball
Wild Pitch!
Hector Fernandez scores
Frank McConnell to third
3-0: Base on Balls
Batting: RHB Jaden Scott 0-0: Foul Ball, location: 2F
0-1: Ball
1-1: Foul Ball, location: 2F
1-2: Foul Ball, location: 2F
1-2: Strikes out swinging
Batting: RHB Bryan Pitcher 0-0: Called Strike
Freddie Brown steals 2nd base
0-1: Ground out 4-3 (Groundball, 4S, EV 82.5 MPH)
Top of the 2nd over - 4 runs, 2 hits, 0 errors, 2 left on base; Tri-City 6 - Los Angeles (NYP) 0
BOTTOM OF THE 2ND
Los Angeles (NYP) Dodgers batting - Pitching for Tri-City Dust Devils : LHP Bei Xú
Batting: LHB Kippy McGrath 0-0: Ball
1-0: Called Strike
1-1: Ball
2-1: Foul Ball, location: 2F
2-2: SINGLE (Groundball, 6MD, EV 95.6 MPH)
Batting: RHB Eddie Perry 0-0: Grounds into double play, 6-4-3 (Groundball, 6, EV 104.4 MPH)
Batting: LHB Bobby Gambrell 0-0: Called Strike
0-1: SINGLE (Flyball, 8LS, EV 85.6 MPH)
Batting: LHB Fernando Amaya 0-0: Called Strike
0-1: Fly out, F7 (Flyball, 78D, EV 101.3 MPH)
Bottom of the 2nd over - 0 runs, 2 hits, 0 errors, 1 left on base; Tri-City 6 - Los Angeles (NYP) 0
TOP OF THE 3RD
Tri-City Dust Devils batting - Pitching for Los Angeles (NYP) Dodgers : LHP Justin Pirie
Batting: RHB Derrick Abrams 0-0: Ball
1-0: Swinging Strike
1-1: Ball
2-1: Ball
3-1: Base on Balls
Batting: LHB Paul Adams 0-0: Foul Ball, location: 2F
0-1: Ball
Passed Ball!
Derrick Abrams to second
1-1: Ball
2-1: Ball
Wild Pitch!
Derrick Abrams to third
3-1: Called Strike
3-2: Base on Balls
Pitching: RHP Dave Bible
Batting: RHB Bernardino Truyeres 0-0: Called Strike
0-1: Ball
1-1: Ball
2-1: Called Strike
2-2: Ball
3-2: Base on Balls
Paul Adams to second
Batting: RHB Jeremy Mercer 0-0: Swinging Strike
0-1: Ball
Passed Ball!
Derrick Abrams scores
Paul Adams to third
Bernardino Truyeres to second
1-1: Ball
2-1: Swinging Strike
2-2: Foul Ball, location: 2F
2-2: Fly out, F9 (Flyball, 89M, EV 85.0 MPH)
Batting: RHB Hector Fernandez 0-0: Called Strike
0-1: Ball
1-1: Ball
2-1: Fly out, F8 (Line Drive, 8LD, EV 96.3 MPH)
Runner from 3rd tags up, OUT at HOME! 8-2
Top of the 3rd over - 1 run, 0 hits, 0 errors, 1 left on base; Tri-City 7 - Los Angeles (NYP) 0
BOTTOM OF THE 3RD
Los Angeles (NYP) Dodgers batting - Pitching for Tri-City Dust Devils : LHP Bei Xú
Batting: LHB Stephen Van Raalte 0-0: Ball
1-0: Fly out, F2 (Popup, 3SF, EV 78.1 MPH)
Batting: RHB Jonathan Quijada 0-0: Ball
1-0: Called Strike
1-1: Ball
2-1: Ball
3-1: Called Strike
3-2: Fly out, F8 (Flyball, 78D, EV 93.1 MPH)
Batting: RHB Leo Cuellar 0-0: Called Strike
0-1: Ball
1-1: DOUBLE (Line Drive, 78D, EV 101.3 MPH)
Batting: SHB John Gernaat 0-0: Ball
1-0: Ball
2-0: Called Strike
2-1: Foul Ball, location: 2F
2-2: Ball
3-2: DOUBLE (Groundball, 5L, EV 100.0 MPH)
Leo Cuellar scores
Batting: SHB Chris Ackerson 0-0: Ball
1-0: Ground out U3 (Groundball, 34, EV 105.0 MPH)
Bottom of the 3rd over - 1 run, 2 hits, 0 errors, 1 left on base; Tri-City 7 - Los Angeles (NYP) 1
TOP OF THE 4TH
Tri-City Dust Devils batting - Pitching for Los Angeles (NYP) Dodgers : RHP Dave Bible
Batting: LHB Frank McConnell 0-0: Ball
1-0: Ball
2-0: Foul Ball, location: 2F
2-1: Ball
3-1: Foul Ball, location: 2F
3-2: Foul Ball, location: 2F
3-2: Foul Ball, location: 2F
3-2: Foul Ball, location: 2F
3-2: Foul Ball, location: 2F
3-2: Base on Balls
Batting: RHB Freddie Brown 0-0: Ball
Frank McConnell steals 2nd base
1-0: Called Strike
1-1: Ball
Frank McConnell steals 3rd base
2-1: Foul Ball, location: 2F
2-2: Ball
3-2: Fly out, F8 (Flyball, 8LS, EV 80.0 MPH)
Batting: RHB Jaden Scott 0-0: Ball
1-0: Foul Ball, location: 2F
1-1: Swinging Strike
1-2: Strikes out swinging
Batting: RHB Bryan Pitcher 0-0: Ball
Wild Pitch!
Frank McConnell scores
1-0: Foul Ball, location: 2F
1-1: Called Strike
1-2: SINGLE (Groundball, 4MD, EV 104.4 MPH)
Batting: RHB Derrick Abrams 0-0: Ball
1-0: Called Strike
1-1: Ground out 5-3 (Groundball, 56S, EV 84.4 MPH)
Top of the 4th over - 1 run, 1 hit, 0 errors, 1 left on base; Tri-City 8 - Los Angeles (NYP) 1
BOTTOM OF THE 4TH
Los Angeles (NYP) Dodgers batting - Pitching for Tri-City Dust Devils : LHP Bei Xú
Batting: LHB Kippy McGrath 0-0: Called Strike
0-1: Ball
1-1: Ball
2-1: Called Strike
2-2: SINGLE (Line Drive, 5D, EV 111.9 MPH)
Batting: RHB Eddie Perry 0-0: Ball
1-0: Ball
2-0: Fly out, F8 (Flyball, 8RM, EV 86.3 MPH)
Batting: LHB Bobby Gambrell 0-0: Ball
1-0: Ball
2-0: Called Strike
2-1: Fly out, F7 (Flyball, 7, EV 91.3 MPH)
Batting: LHB Fernando Amaya 0-0: Ball
1-0: Ground out U3 (Groundball, 34, EV 91.9 MPH)
Bottom of the 4th over - 0 runs, 1 hit, 0 errors, 1 left on base; Tri-City 8 - Los Angeles (NYP) 1
TOP OF THE 5TH
Tri-City Dust Devils batting - Pitching for Los Angeles (NYP) Dodgers : RHP Dave Bible
Batting: LHB Paul Adams 0-0: Called Strike
0-1: Called Strike
0-2: Ground out 4-3 (Groundball, 4, EV 103.8 MPH)
Batting: RHB Bernardino Truyeres 0-0: Ball
1-0: Ball
2-0: Ball
3-0: Base on Balls
Pitching: RHP Willie Alvarado
Batting: RHB Jeremy Mercer 0-0: Swinging Strike
0-1: Foul Ball, location: 2F
0-2: Strikes out looking
Batting: RHB Hector Fernandez 0-0: Swinging Strike
0-1: Fly out, F5 (Popup, 5S, EV 86.3 MPH)
Top of the 5th over - 0 runs, 0 hits, 0 errors, 1 left on base; Tri-City 8 - Los Angeles (NYP) 1
BOTTOM OF THE 5TH
Los Angeles (NYP) Dodgers batting - Pitching for Tri-City Dust Devils : LHP Bei Xú
Batting: LHB Stephen Van Raalte 0-0: Ball
1-0: Ball
2-0: Foul Ball, location: 2F
2-1: Foul Ball, location: 2F
2-2: Strikes out swinging
Batting: RHB Jonathan Quijada 0-0: Foul Ball, location: 2F
0-1: Ball
1-1: Ground out 5-3 (Groundball, 5S, EV 71.3 MPH)
Batting: RHB Leo Cuellar 0-0: Ball
1-0: Ball
2-0: Ground out 6-3 (Groundball, 56D, EV 101.9 MPH)
Bottom of the 5th over - 0 runs, 0 hits, 0 errors, 0 left on base; Tri-City 8 - Los Angeles (NYP) 1
TOP OF THE 6TH
Tri-City Dust Devils batting - Pitching for Los Angeles (NYP) Dodgers : RHP Willie Alvarado
Batting: LHB Frank McConnell 0-0: Called Strike
0-1: Foul Ball, location: 2F
0-2: Foul Ball, location: 2F
0-2: Ball
1-2: Ball
2-2: Ground out 5-3 (Groundball, 5S, EV 75.0 MPH)
Batting: RHB Freddie Brown 0-0: Ball
1-0: Foul Ball, location: 2F
1-1: Ball
2-1: Swinging Strike
2-2: Ground out 1-3 (Groundball, 13S, EV 66.9 MPH)
Batting: RHB Jaden Scott 0-0: Called Strike
0-1: Ball
1-1: Called Strike
1-2: Ball
2-2: Strikes out swinging
Top of the 6th over - 0 runs, 0 hits, 0 errors, 0 left on base; Tri-City 8 - Los Angeles (NYP) 1
BOTTOM OF THE 6TH
Los Angeles (NYP) Dodgers batting - Pitching for Tri-City Dust Devils : LHP Bei Xú
Batting: SHB John Gernaat 0-0: Called Strike
0-1: Ball
1-1: Ball
2-1: Ground out 4-3 (Groundball, 4, EV 81.9 MPH)
Batting: SHB Chris Ackerson 0-0: Ball
1-0: Ground out U3 (Groundball, 3, EV 104.4 MPH)
Batting: LHB Kippy McGrath 0-0: Called Strike
0-1: Swinging Strike
0-2: Strikes out swinging
Bottom of the 6th over - 0 runs, 0 hits, 0 errors, 0 left on base; Tri-City 8 - Los Angeles (NYP) 1
TOP OF THE 7TH
Tri-City Dust Devils batting - Pitching for Los Angeles (NYP) Dodgers : RHP Willie Alvarado
Batting: RHB Bryan Pitcher 0-0: Called Strike
0-1: Ball
1-1: Called Strike
1-2: Ball
2-2: Strikes out swinging
Batting: RHB Derrick Abrams 0-0: Fly out, F7 (Flyball, 7S, EV 91.3 MPH)
Batting: LHB Paul Adams 0-0: Foul Ball, location: 2LF, Error on foul ball, E2
0-1: Foul Ball, location: 2F
0-2: Strikes out looking
Top of the 7th over - 0 runs, 0 hits, 1 error, 0 left on base; Tri-City 8 - Los Angeles (NYP) 1
BOTTOM OF THE 7TH
Los Angeles (NYP) Dodgers batting - Pitching for Tri-City Dust Devils : LHP Bei Xú
Batting: RHB Eddie Perry 0-0: Ball
1-0: Called Strike
1-1: Foul Ball, location: 2F
1-2: Ball
2-2: Ball
3-2: Base on Balls
Batting: LHB Bobby Gambrell 0-0: Ball
1-0: Fly out, F7 (Flyball, 7, EV 88.1 MPH)
Batting: LHB Fernando Amaya 0-0: Foul Ball, location: 2F
0-1: Ball
1-1: Ball
2-1: Foul Ball, location: 2F
2-2: SINGLE (Groundball, 25, EV 64.4 MPH) (infield hit)
Eddie Perry to second
Batting: LHB Stephen Van Raalte 0-0: Called Strike
0-1: Single, Error in OF, E8, batter to second base (Line Drive, 8LS, EV 103.1 MPH)
Eddie Perry scores
Fernando Amaya to third
Batting: RHB Jonathan Quijada 0-0: Ball
1-0: Called Strike
1-1: Foul Ball, location: 2F
1-2: Foul Ball, location: 2F
1-2: Ball
2-2: Ball
3-2: Ground out 4-3 (Groundball, 4S, EV 70.0 MPH)
Fernando Amaya scores
Stephen Van Raalte to third
Pitching: LHP Andy Silveira
Batting: RHB Leo Cuellar 0-0: Ball
1-0: Called Strike
1-1: Ground out 5-3 (Groundball, 56S, EV 87.5 MPH)
Bottom of the 7th over - 2 runs, 2 hits, 1 error, 1 left on base; Tri-City 8 - Los Angeles (NYP) 3
TOP OF THE 8TH
Tri-City Dust Devils batting - Pitching for Los Angeles (NYP) Dodgers : RHP Willie Alvarado
Batting: RHB Bernardino Truyeres 0-0: Called Strike
0-1: Ball
1-1: Ball
2-1: Foul Ball, location: 2F
2-2: Foul Ball, location: 2F
2-2: Strikes out looking
Pitching: LHP Melvin Fonseca
Batting: RHB Jeremy Mercer 0-0: Swinging Strike
0-1: Ball
1-1: Swinging Strike
1-2: Ball
2-2: Foul Ball, location: 2F
2-2: Foul Ball, location: 2F
2-2: Ball
3-2: Strikes out swinging
Batting: RHB Hector Fernandez 0-0: Foul Ball, location: 2F
0-1: Called Strike
0-2: Foul Ball, location: 2F
0-2: Foul Ball, location: 2F
0-2: Ball
1-2: SINGLE (Groundball, 6MD, EV 96.3 MPH)
Batting: LHB Frank McConnell 0-0: Called Strike
0-1: Ball
Passed Ball!
Hector Fernandez to second
1-1: Foul Ball, location: 2F
1-2: Ball
2-2: Strikes out swinging
Top of the 8th over - 0 runs, 1 hit, 0 errors, 1 left on base; Tri-City 8 - Los Angeles (NYP) 3
BOTTOM OF THE 8TH
Los Angeles (NYP) Dodgers batting - Pitching for Tri-City Dust Devils : LHP Andy Silveira
Batting: SHB John Gernaat 0-0: Swinging Strike
0-1: Ball
1-1: Ball
2-1: Ball
3-1: Foul Ball, location: 2F
3-2: Strikes out swinging
Batting: SHB Chris Ackerson 0-0: Foul Ball, location: 2F
0-1: Called Strike
0-2: Ball
1-2: Ball
2-2: Ground out 5-3 (Groundball, 56, EV 86.3 MPH)
Batting: LHB Kippy McGrath 0-0: Foul Ball, location: 2F
0-1: Foul Ball, location: 2F
0-2: Ball
1-2: Ball
2-2: Foul Ball, location: 2F
2-2: Foul Ball, location: 2F
2-2: Ball
3-2: Ground out 1-3 (Groundball, 13S, EV 70.0 MPH)
Bottom of the 8th over - 0 runs, 0 hits, 0 errors, 0 left on base; Tri-City 8 - Los Angeles (NYP) 3
TOP OF THE 9TH
Tri-City Dust Devils batting - Pitching for Los Angeles (NYP) Dodgers : LHP Melvin Fonseca
Batting: RHB Freddie Brown 0-0: Ball
1-0: Called Strike
1-1: Foul Ball, location: 2F
1-2: Ball
2-2: Ground out 4-3 (Groundball, 34, EV 83.1 MPH)
Batting: RHB Jaden Scott 0-0: Ball
1-0: Foul Ball, location: 2F
1-1: Foul Ball, location: 2F
1-2: Ball
2-2: Reached on error, E6 (Groundball, 6, EV 99.4 MPH)
Batting: RHB Bryan Pitcher 0-0: Fly out, F7 (Flyball, 7, EV 93.8 MPH)
Batting: RHB Derrick Abrams 0-0: Ball
1-0: Ground out 6-3 (Groundball, 6MD, EV 81.3 MPH)
Top of the 9th over - 0 runs, 0 hits, 1 error, 1 left on base; Tri-City 8 - Los Angeles (NYP) 3
BOTTOM OF THE 9TH
Los Angeles (NYP) Dodgers batting - Pitching for Tri-City Dust Devils : LHP Andy Silveira
Batting: RHB Eddie Perry 0-0: Ball
1-0: Ball
2-0: Called Strike
2-1: Ball
3-1: Base on Balls
Pitching: LHP Ruben Nunez
Batting: LHB Bobby Gambrell 0-0: 2-RUN HOME RUN (Flyball, 89XD, EV 103.1 MPH), Distance : 429 ft
Pitching: RHP Angelo Radford
Now at 2B: Hector Fernandez
Now at 3B: Ron Major
Now at SS: Jaden Scott
Now in LF: Derrick Abrams
Now in CF: Freddie Brown
Now in RF: Roger Duque
Batting: LHB Fernando Amaya 0-0: Called Strike
0-1: Ball
1-1: Ball
2-1: Ball
3-1: Base on Balls
Batting: LHB Stephen Van Raalte 0-0: Called Strike
0-1: Foul Ball, location: 2F
0-2: Foul Ball, location: 2F
0-2: Ball
1-2: Ball
2-2: Strikes out swinging
Pinch Hitting: LHB Jim Schriver 0-0: Called Strike
0-1: Ball
1-1: Fielders Choice at 2nd, 5-4 (Groundball, 5, EV 79.4 MPH)
Batting: RHB Leo Cuellar 0-0: Foul Ball, location: 2F
0-1: Called Strike
0-2: Ball
1-2: Strikes out swinging
Bottom of the 9th over - 2 runs, 1 hit, 0 errors, 1 left on base; Tri-City 8 - Los Angeles (NYP) 5
Thursday, March 31st , 2022 - OOTP Baseball 22.12 Build 89